 Dungeon Crawl Stone Soup version 0.27-a0-95-g5a9077b8ae (webtiles) character file.

Game seed: 14415106031893382235

357 tacoguy the Shield-Bearer (level 6, -1/56 HPs)
             Began as a Minotaur Fighter on Jan 18, 2021.
             Was a Follower of Okawaru.
             Slain by an iguana (11 damage)
             ... on level 4 of the Dungeon.
             The game lasted 00:08:15 (2418 turns).

tacoguy the Shield-Bearer (Minotaur Fighter)        Turns: 2418, Time: 00:08:15

Health: -1/56      AC:  7    Str: 22    XL:     6   Next: 36%
Magic:  5/5        EV:  9    Int:  5    God:    Okawaru [*.....]
Gold:   256        SH: 10    Dex: 10    Spells: 5/5 levels left

rFire    . . .     SeeInvis .   p - +0 hand axe (flame)
rCold    + + .     Faith    .   c - +0 kite shield
rNeg     . . .     Spirit   .   b - +0 scale mail
rPois    .         Reflect  .   (helmet restricted)
rElec    .         Harm     .   (no cloak)
rCorr    .         Rampage  .   (no gloves)
Will     .....                  (no boots)
Stlth    ..........             (no amulet)
HPRegen  0.18/turn              k - ring of protection from cold
MPRegen  0.09/turn              q - ring of protection from cold

@: no status effects
A: retaliatory headbutt, horns 2
a: Renounce Religion, Heroism


You were on level 4 of the Dungeon.
You worshipped Okawaru.
Okawaru was aware of your devotion.
You visited 1 branch of the dungeon, and saw 4 of its levels.

You collected 256 gold pieces.

Inventory:

Hand Weapons
 p - a +0 hand axe of flaming (weapon)
Armour
 b - a +0 scale mail (worn)
 c - a +0 kite shield (worn)
Jewellery
 k - a ring of protection from cold (left hand)
 q - a ring of protection from cold (right hand)
Scrolls
 e - 4 scrolls of teleportation
 f - 4 scrolls of remove curse
 g - a scroll of immolation
 i - 4 scrolls of identify
 l - 2 scrolls of blinking {unknown}
 n - 2 scrolls of fear {unknown}
 s - 2 scrolls of enchant weapon {unknown}
 t - a scroll of amnesia {unknown}
 u - a scroll of fog {unknown}
Potions
 a - a potion of ambrosia {unknown}
 d - 4 potions of might
 h - 2 potions of haste
 j - 5 potions of lignification
 m - 4 potions of attraction {unknown}
 o - a potion of magic
 r - a potion of degeneration {unknown}


   Skills:
 * Level 5.1 Fighting
 + Level 3.5 Axes
 * Level 5.1 Armour
 * Level 3.1 Dodging
 * Level 5.1 Shields


You had 5 spell levels left.
You didn't know any spells.
Your spell library was empty.

Dungeon Overview and Level Annotations

Branches:
Dungeon (4/15)             Temple (0/1) D:4

Altars:
Elyvilon
Fedhas
Okawaru
Sif Muna
Vehumet


Innate Abilities, Weirdness & Mutations

You reflexively headbutt those who attack you in melee.
You have a pair of horns on your head.


Message History

The orc wizard hits you but does no damage.
The orc wizard gestures wildly while chanting.
The orc wizard seems to speed up.
You hit the orc wizard but do no damage.
The orc wizard is severely wounded.
The orc wizard hits you but does no damage.
You hit the orc wizard but do no damage.
The orc wizard is severely wounded.
The orc wizard hits you but does no damage. x2
You hit the orc wizard but do no damage.
The orc wizard is severely wounded.
The orc wizard hits you but does no damage.
The orc wizard gestures wildly while chanting.
The orc wizard blinks!
The iguana closely misses you.
Items here: )) [ †.
You hit the iguana but do no damage. The iguana completely misses you.
You hit the iguana but do no damage. Your headbutt misses the iguana.
The iguana bites you!
You die...

#..# #..>.. ##..#
### #.###. ....#
..# ##.###.
.##.####.#
###.###.# #......
...>.....#
#.......# #..###.
.....########
#.#.#######......
.............
##.#.......>.####.
....#.######
#))########### #.
.####.#### #@## #.
.#.......# #..l#
#. .#.......#
#..o..# #.
##.....### #.....#
## .......#
#.....# ##.....+
##...## #.....#
$.... ### #.....##
..... ##..
####.#.# #####...


You could see an iguana and an orc wizard (fast).

Vanquished Creatures
  A scorpion (D:4)
  A bullfrog skeleton (D:4)
  2 orc priests (D:4)
  2 orc wizards (D:3)
  An iguana (D:3)
  3 adders
  An ooze (D:1)
  An adder skeleton (D:4)
  A worm (D:2)
  6 dart slugs
  13 orcs
  10 bats
  3 giant cockroaches
  5 goblins
  8 hobgoblins
  7 jackals
  3 quokkas
  3 ball pythons
  A frilled lizard (D:4)
  4 kobolds
  7 rats
83 creatures vanquished.

Notes
Turn   | Place    | Note
-------+----------+-------------------------------------------
     0 | D:1      | tacoguy the Minotaur Fighter began the quest for the Orb.
     0 | D:1      | Reached XP level 1. HP: 19/19 MP: 0/0
   110 | D:1      | Reached XP level 2. HP: 26/27 MP: 1/1
   157 | D:1      | Reached skill level 1 in Dodging
   311 | D:1      | Reached XP level 3. HP: 31/33 MP: 2/2
   592 | D:2      | Found a radiant altar of Vehumet.
   593 | D:2      | Found an iron altar of Okawaru.
   594 | D:2      | Found a white marble altar of Elyvilon.
   607 | D:2      | Became a worshipper of Warmaster Okawaru
   999 | D:2      | Reached XP level 4. HP: 36/40 MP: 3/3
  1391 | D:3      | Found a blossoming altar of Fedhas.
  1440 | D:3      | Reached XP level 5. HP: 33/47 MP: 4/4
  1529 | D:3      | Found a shimmering blue altar of Sif Muna.
  1638 | D:3      | Reached * piety under Okawaru
  2144 | D:4      | Found a staircase to the Ecumenical Temple.
  2157 | D:4      | Reached skill level 5 in Armour
  2157 | D:4      | Reached skill level 5 in Shields
  2157 | D:4      | Reached XP level 6. HP: 45/55 MP: 5/5
  2404 | D:4      | Reached skill level 5 in Fighting
  2418 | D:4      | Slain by an iguana

Illustrated notes

Levels and vault maps discovered:
D:1:      dpeg_arrival_rooms_with_view, layout_rooms, minivault_23
D:2:      layout_rooms, chequers_temple_overflow_statue_of_worship,
          kennysheep_crisscross
D:3:      layout_loops_ring, lemuel_round_altar, tgw_sif
D:4:      layout_loops_ring, marbit_many_paths, grunt_dithmenos_shadows,
          minmay_temple_entry_large_hall, moated_statue,
          minmay_misc_feat_plants, kennysheep_small_square

Skill      XL: |  1  2  3  4  5  6 |
---------------+-------------------+-----
Dodging        | 1 2 3 |  3.1
Shields        | 4 5 |  5.1
Armour         | 4 5 |  5.1
Fighting       | 4 5 |  5.1
Axes           | 3 |  3.5

Action                   |  1- 3 |  4- 6 || total
-------------------------+-------+-------++-------
Melee: War axe           |    78 |    14 ||    92
       Headbutt          |    11 |    21 ||    32
       Hand axe          |       |   108 ||   108
  Use: Scroll            |     5 |       ||     5
       Potion            |       |     1 ||     1
Armor: Scale mail        |    56 |    39 ||    95
Dodge: Dodged            |    39 |    28 ||    67
Block: Kite shield       |    53 |    69 ||   122

Table legend: (Time is in decaauts)
 A = Elapsed time spent in this place.
 B = Non-inter-level travel time spent in this place.
 C = Inter-level travel time spent in this place.
 D = Time resting spent in this place.
 E = Time spent auto-exploring this place.
 F = Levels seen in this place.
 G = Mean time per level.
                   A        B        C        D        E       F      G
               +--------+--------+--------+--------+--------+-----+--------+
         Total |   2478 |   2408 |     70 |    321 |   1447 |   4 |  619.5 |
       Dungeon |   2478 |   2408 |     70 |    321 |   1447 |   4 |  619.5 |
               +--------+--------+--------+--------+--------+-----+--------+

Top non-repeatable levels by time:
     D:3: 841 daAuts
     D:2: 657 daAuts
     D:4: 495 daAuts
     D:1: 484 daAuts
